Workbook

Sheet 機能一覧
A1: （様式7-1）機能要件書（機能一覧）
B2: 「対応状況」欄に該当する記号を記入してください。
B3: ◎：標準機能で対応
B4: 〇：代替処理で対応（備考欄に実現方法を記入）
B5: △：オプション、カスタマイズで対応可。追加費用が発生する。
B6: ×：対応不可
B7: ※カスタマイズ、代替要件等に係る費用は、原則提案価格に含んでいること。別途費用が発生する場合は、カスタマイズ費用欄に千円単位で記入すること。
A8: No. | B8: 機能分類 | C8: 機能名称 | D8: 機能項目 | E8: 機能内容 | F8: 重要度 | G8: 対応状況 | H8: カスタマイズ費用 | I8: 備考 | J8: 集計用
A9: =ROW()-8 -> 1 | B9: 共通 | C9: ログイン・ログアウト | D9: ログイン | E9: IDとパスワードでシステムへのログインができる。 | F9: 必須 | J9: =F9&G9 -> 必須
A10: =ROW()-8 -> 2 | D10: ログアウト | E10: ログアウトを行う。 | F10: 必須 | J10: =F10&G10 -> 必須
A11: =ROW()-8 -> 3 | E11: 一定時間操作がない場合に自動ログアウトし、再度ログインを求める。 | F11: 必須 | J11: =F11&G11 -> 必須
A12: =ROW()-8 -> 4 | C12: ユーザ管理 | D12: ユーザ情報新規登録 | E12: ユーザ情報の新規登録を行う。 | F12: 必須 | J12: =F12&G12 -> 必須
A13: =ROW()-8 -> 5 | E13: ユーザごとにアクセス（操作）権限を与え、ユーザの区分により各種機能の利用制限が可能。 | F13: 必須 | J13: =F13&G13 -> 必須
A14: =ROW()-8 -> 6 | D14: ユーザ情報検索 | E14: ユーザ情報の検索を行う。 | F14: 必須 | J14: =F14&G14 -> 必須
A15: =ROW()-8 -> 7 | D15: ユーザ情報更新 | E15: ユーザ情報の更新を行う。 | F15: 必須 | J15: =F15&G15 -> 必須
A16: =ROW()-8 -> 8 | D16: ユーザデータ一括取込 | E16: ユーザ情報の一括取込を行う。 | F16: 必須 | J16: =F16&G16 -> 必須
A17: =ROW()-8 -> 9 | D17: パスワード変更 | E17: ユーザ情報のパスワード変更を行う。 | F17: 必須 | J17: =F17&G17 -> 必須
A18: =ROW()-8 -> 10 | C18: マスタ管理 | D18: マスタ情報新規登録 | E18: マスタ情報の新規登録を行う。 | F18: 必須 | J18: =F18&G18 -> 必須
A19: =ROW()-8 -> 11 | D19: マスタ情報検索 | E19: マスタ情報の検索を行う。 | F19: 必須 | J19: =F19&G19 -> 必須
A20: =ROW()-8 -> 12 | D20: マスタ情報更新 | E20: マスタ情報の更新を行う。 | F20: 必須 | J20: =F20&G20 -> 必須
A21: =ROW()-8 -> 13 | D21: マスタ情報取込 | E21: 各種マスタ情報の取込を行う。 | F21: 必須 | J21: =F21&G21 -> 必須
A22: =ROW()-8 -> 14 | C22: ログ管理 | D22: ログ管理 | E22: ユーザによる操作をログとして記録する。 | F22: 必須 | J22: =F22&G22 -> 必須
A23: =ROW()-8 -> 15 | D23: ログの保護 | E23: ログが不正に参照・変更・削除されないよう保護する。 | F23: 必須 | J23: =F23&G23 -> 必須
A24: =ROW()-8 -> 16 | C24: メニュー | D24: 機能別メニュー | E24: 各業務画面に遷移する機能別メニューを表示する。 | F24: 推奨 | J24: =F24&G24 -> 推奨
A25: =ROW()-8 -> 17 | D25: 目的別メニュー | E25: 新任の職員でも操作がしやすいよう、作業内容の目的に応じた目的別メニューを表示する。 | F25: 推奨 | J25: =F25&G25 -> 推奨
A26: =ROW()-8 -> 18 | D26: 操作ガイド | E26: 新任の職員でも操作がしやすいよう、作業内容ごとに操作ガイドが表示できる又は提供できる。 | F26: 推奨 | J26: =F26&G26 -> 推奨
A27: =ROW()-8 -> 19 | C27: 帳票出力・データ連携 | D27: 帳票ダウンロード | E27: 各種帳票のダウンロードを行う。 | F27: 必須 | J27: =F27&G27 -> 必須
A28: =ROW()-8 -> 20 | D28: 帳票文言 | E28: 帳票文言の編集が画面から修正可能なこと。もくしは、保守業務の範囲で修正の対応を実施すること。 | F28: 必須 | J28: =F28&G28 -> 必須
A29: =ROW()-8 -> 21 | D29: 連携データ出力 | E29: 各種連携データの出力を行う。 | F29: 必須 | J29: =F29&G29 -> 必須
A30: =ROW()-8 -> 22 | D30: 連携データ取込 | E30: 各種連携データの取込を行う。 取込は事前に検証することを可能とし、正常なデータのみをシステムへ反映する。 | F30: 必須 | J30: =F30&G30 -> 必須
A31: =ROW()-8 -> 23 | E31: 連携データについて、取込履歴の管理、照会を行う。 | F31: 必須 | J31: =F31&G31 -> 必須
A32: =ROW()-8 -> 24 | C32: EUC機能 | D32: EUC機能 | E32: EUC機能にてシステム内のデータの抽出を行う。 | F32: 必須 | J32: =F32&G32 -> 必須
A33: =ROW()-8 -> 25 | C33: ダイアログ | D33: 学校検索 | E33: 学校情報の検索を行う。 | F33: 必須 | J33: =F33&G33 -> 必須
A34: =ROW()-8 -> 26 | D34: 住所検索 | E34: 郵便番号より住所情報の検索を行う。 | F34: 必須 | J34: =F34&G34 -> 必須
A35: =ROW()-8 -> 27 | D35: 郵便番号検索 | E35: 住所情報より郵便番号の検索を行う。 | F35: 必須 | J35: =F35&G35 -> 必須
A36: =ROW()-8 -> 28 | D36: 金融機関検索 | E36: 金融機関情報の検索を行う。 | F36: 必須 | J36: =F36&G36 -> 必須
A37: =ROW()-8 -> 29 | B37: 対象者管理 | C37: 児童生徒基本情報 | D37: 児童生徒新規登録 | E37: 児童生徒の新規登録を行う。 | F37: 必須 | J37: =F37&G37 -> 必須
A38: =ROW()-8 -> 30 | D38: 児童生徒情報登録 | E38: 児童生徒の情報（氏名、氏名カナ、通称名、通称名カナ、生年月日、所属学校、学年-組、出席番号、連絡先、休学日、復学日、進学予定学校）の登録を行う。 | F38: 必須 | J38: =F38&G38 -> 必須
A39: =ROW()-8 -> 31 | D39: クラス情報の登録 | E39: クラス情報を入力するにあたり入力表を学校へ提供できる。 その入力表をシステムへ取り込むことができる。 | F39: 推奨 | J39: =F39&G39 -> 推奨
A40: =ROW()-8 -> 32 | D40: 外部番号登録 | E40: 児童生徒の外部番号（宛名番号、世帯番号、住民番号）の登録を行う。外部システムからの取込も可能。 | F40: 必須 | J40: =F40&G40 -> 必須
A41: =ROW()-8 -> 33 | D41: 付箋登録 | E41: 児童生徒にフラグを設定する。 各色の名称は画面から変更ができる。 検索の条件として指定することも可能。 | F41: 推奨 | J41: =F41&G41 -> 推奨
A42: =ROW()-8 -> 34 | D42: DV情報登録 | E42: 児童生徒のDV情報の登録を行う。 また、DVの対象となる児童生徒について、画面上にDV対象者アイコンを表示する。 | F42: 必須 | J42: =F42&G42 -> 必須
A43: =ROW()-8 -> 35 | D43: 世帯情報登録 | E43: 児童生徒の世帯情報について保護者の登録を行う。 外部システムからの取込も可能。 | F43: 必須 | J43: =F43&G43 -> 必須
A44: =ROW()-8 -> 36 | D44: 保護者（郵送先）情報登録 | E44: 児童生徒の保護者情報（郵送先）について、以下２種類の登録が可能。 ・学齢簿システムや校務支援システムより連携される住所（画面からの登録、更新は不可） ・DV対象者など、上記住所とは異なる郵送先に送付するための住所 | F44: 必須 | J44: =F44&G44 -> 必須
A45: =ROW()-8 -> 37 | D45: 基本喫食メニュー登録 | E45: 基本喫食メニューを管理する。※メニューについては自治体ごとに設定が可能。 例：｢主食・副食・飲料｣､｢主食・副食｣､｢主食・飲料｣､｢副食・飲料｣､｢飲料のみ｣､｢主食のみ｣､｢副食のみ｣､｢欠食｣ | F45: 必須 | J45: =F45&G45 -> 必須
A46: =ROW()-8 -> 38 | D46: 徴収方法 | E46: 給食費の徴収方法を表示する。 | F46: 必須 | J46: =F46&G46 -> 必須
A47: =ROW()-8 -> 39 | D47: メモ（備考） | E47: メモ（備考）の登録を行う。 | F47: 必須 | J47: =F47&G47 -> 必須
A48: =ROW()-8 -> 40 | D48: 対象者検索 | E48: 児童生徒の検索を行う。 ・部分一致、複合条件検索が可能。 ・カナは大文字小文字の検索が可能。 | F48: 必須 | J48: =F48&G48 -> 必須
A49: =ROW()-8 -> 41 | D49: 照会、編集 | E49: 児童生徒の照会、編集を行う。 | F49: 必須 | J49: =F49&I49 -> 必須
A50: =ROW()-8 -> 42 | D50: 履歴照会 | E50: 児童生徒の基本情報について、更新に関する履歴の管理、照会を行う。 | F50: 必須 | J50: =F50&G50 -> 必須
A51: =ROW()-8 -> 43 | D51: 児童生徒情報一括取込 | E51: 学齢簿システム等から児童生徒の情報について、一括で取込を行う。 | F51: 必須 | J51: =F51&G51 -> 必須
A52: =ROW()-8 -> 44 | C52: 教職員基本情報 | D52: 教職員新規登録 | E52: 教職員の新規登録を行う。 登録時に｢定額徴収｣か｢日額徴収｣か設定が可能。 | F52: 必須 | J52: =F52&G52 -> 必須
A53: =ROW()-8 -> 45 | D53: 教職員基本情報登録 | E53: 教職員の情報（氏名、氏名カナ、通称名、通称名カナ、生年月日、宛名番号、世帯番号、所属学校、職員分類、職種、職員コード、住所、連絡先、休職日・復職日）の登録を行う。 | F53: 必須 | J53: =F53&G53 -> 必須
A54: =ROW()-8 -> 46 | D54: 付箋登録 | E54: 教職員にフラグを設定する。 各色の名称は画面から変更ができる。 検索の条件として指定することも可能。 | F54: 推奨 | J54: =F54&G54 -> 推奨
A55: =ROW()-8 -> 47 | D55: 喫食情報登録 | E55: 基本喫食メニューを管理する。※メニューについては自治体ごとに設定が可能。 例：｢主食・副食・飲料｣､｢主食・副食｣､｢主食・飲料｣､｢副食・飲料｣､｢飲料のみ｣､｢主食のみ｣､｢副食のみ｣､｢欠食｣ | F55: 必須 | J55: =F55&G55 -> 必須
A56: =ROW()-8 -> 48 | E56: 配膳場所を任意に設定できる。 | F56: 必須 | J56: =F56&G56 -> 必須
A57: =ROW()-8 -> 49 | D57: 徴収方法 | E57: 給食費の徴収方法を表示する。 口座情報が登録されている場合は｢口座振替｣、登録されていない場合は｢納付書払｣が自動で選択される。 | F57: 必須 | J57: =F57&G57 -> 必須
A58: =ROW()-8 -> 50 | D58: メモ（備考） | E58: メモ（備考）の登録を行う。 | F58: 推奨 | J58: =F58&G58 -> 推奨
A59: =ROW()-8 -> 51 | D59: 対象者検索 | E59: 児童生徒の検索を行う。 ・部分一致、複合条件検索が可能。 ・カナは大文字小文字の検索が可能。 | F59: 必須 | J59: =F59&G59 -> 必須
A60: =ROW()-8 -> 52 | D60: 照会、編集 | E60: 教職員の照会、編集を行う。 | F60: 必須 | J60: =F60&G60 -> 必須
A61: =ROW()-8 -> 53 | D61: 履歴照会 | E61: 教職員の基本情報について、更新に関する履歴の管理、照会を行う。 | F61: 必須 | J61: =F61&G61 -> 必須
A62: =ROW()-8 -> 54 | C62: 団体基本情報 | D62: 団体新規登録 | E62: 委託調理員等の給食費を個人ではなく企業などが代表して一括で支払う場合、団体として請求の管理ができる。 | F62: 必須 | J62: =F62&G62 -> 必須
A63: =ROW()-8 -> 55 | D63: 基本情報（代表者）登録 | E63: 基本情報（代表者）（氏名、氏名カナ、生年月日、所属学校、住所、連絡先）の登録を行う。 | F63: 必須 | J63: =F63&G63 -> 必須
A64: =ROW()-8 -> 56 | D64: 基本食数登録 | E64: 基本食数の管理を行う。 | F64: 必須 | J64: =F64&G64 -> 必須
A65: =ROW()-8 -> 57 | D65: 徴収方法 | E65: 給食費の徴収方法を表示する。 口座情報が登録されている場合は｢口座振替｣、登録されていない場合は｢納付書払｣が自動で選択される。 | F65: 必須 | J65: =F65&G65 -> 必須
A66: =ROW()-8 -> 58 | D66: メモ（備考） | E66: メモ（備考）の登録を行う。 | F66: 推奨 | J66: =F66&G66 -> 推奨
A67: =ROW()-8 -> 59 | D67: 対象者検索 | E67: 団体の検索を行う。 ・部分一致、複合条件検索が可能。 ・カナは大文字小文字の検索が可能。 | F67: 必須 | J67: =F67&G67 -> 必須
A68: =ROW()-8 -> 60 | D68: 照会、編集 | E68: 団体の照会、編集を行う。 | F68: 必須 | J68: =F68&G68 -> 必須
A69: =ROW()-8 -> 61 | D69: 履歴照会 | E69: 団体の基本情報について、更新に関する履歴の管理、照会を行う。 | F69: 推奨 | J69: =F69&G69 -> 推奨
A70: =ROW()-8 -> 62 | C70: 臨時喫食者基本情報 | D70: 臨時喫食者新規登録 | E70: 臨時喫食者の新規登録を行う。 | F70: 必須 | J70: =F70&G70 -> 必須
A71: =ROW()-8 -> 63 | D71: 基本情報（代表者）登録 | E71: 基本情報（代表者）（氏名、氏名カナ、生年月日、宛名番号、所属学校）の登録を行う。 | F71: 必須 | J71: =F71&G71 -> 必須
A72: =ROW()-8 -> 64 | D72: 基本情報（請求先）登録 | E72: 基本情報（請求先）（住所、連絡先）の登録を行う。 また、代表者情報とは異なる基本情報（氏名、氏名カナ、宛名番号）の登録も可能。 | F72: 必須 | J72: =F72&G72 -> 必須
A73: =ROW()-8 -> 65 | D73: 徴収方法 | E73: 臨時喫食者の徴収方法は設定により｢納付書払｣が可能。 | F73: 必須 | J73: =F73&G73 -> 必須
A74: =ROW()-8 -> 66 | D74: 喫食情報登録 | E74: 喫食予定日、メニュー、食数の管理を行う。また、納付書の発行も可能。 | F74: 推奨 | J74: =F74&G74 -> 推奨
A75: =ROW()-8 -> 67 | D75: メモ（備考） | E75: メモ（備考）の登録を行う。 | F75: 推奨 | J75: =F75&G75 -> 推奨
A76: =ROW()-8 -> 68 | D76: 対象者検索 | E76: 喫食対象者の検索を行う。 ・部分一致、複合条件検索が可能。 ・カナは大文字小文字の検索が可能。 | F76: 必須 | J76: =F76&G76 -> 必須
A77: =ROW()-8 -> 69 | D77: 照会、編集 | E77: 臨時喫食者の照会、編集を行う。 | F77: 必須 | J77: =F77&G77 -> 必須
A78: =ROW()-8 -> 70 | D78: 履歴照会 | E78: 臨時喫食者の基本情報について、更新に関する履歴の管理、照会を行う。 | F78: 推奨 | J78: =F78&G78 -> 推奨
A79: =ROW()-8 -> 71 | C79: 口座情報 | D79: 請求口座情報登録 | E79: 口座振替を行う請求先の口座情報を登録する。 | F79: 必須 | J79: =F79&G79 -> 必須
A80: =ROW()-8 -> 72 | D80: 還付（返金）口座情報登録 | E80: 還付金の振込を行う還付（返金）先の口座情報を登録する。 | F80: 必須 | J80: =F80&G80 -> 必須
A81: =ROW()-8 -> 73 | D81: 口座情報変更履歴 | E81: 口座情報について、新規登録、変更に関する履歴の管理、照会を行う。 | F81: 必須 | J81: =F81&G81 -> 必須
A82: =ROW()-8 -> 74 | D82: 口座情報一括取込 | E82: 口座情報について、パンチデータや外部システムから一括で取込を行う。 | F82: 必須 | J82: =F82&G82 -> 必須
A83: =ROW()-8 -> 75 | C83: アレルギー情報 | D83: アレルギー対象 | E83: 児童生徒のアレルギーの有無を管理する。 | F83: 必須 | J83: =F83&G83 -> 必須
A84: =ROW()-8 -> 76 | D84: 食物アレルギー | E84: 食物アレルギーをもつ児童生徒のアレルゲン（特定原材料28品目及び米）を管理する。 | F84: 推奨 | J84: =F84&G84 -> 推奨
A85: =ROW()-8 -> 77 | D85: 病気・治療 | E85: 気管支ぜん息、アトピー性皮膚炎、アレルギー性結膜炎、食物アレルギー、アナフィラキシー、アレルギー性鼻炎のアレルギー情報を管理する。 | F85: 推奨 | J85: =F85&G85 -> 推奨
A86: =ROW()-8 -> 78 | D86: 管理メモ（備考） | E86: 児童生徒のアレルギー情報の管理メモ（備考）の登録を行う。 | F86: 推奨 | J86: =F86&G86 -> 推奨
A87: =ROW()-8 -> 79 | D87: 対象者検索 | E87: アレルギーをもつ児童生徒の検索を行う。 | F87: 推奨 | J87: =F87&G87 -> 推奨
A88: =ROW()-8 -> 80 | D88: 照会、編集 | E88: 児童生徒のアレルギー情報について、照会、編集を行う。 | F88: 必須 | J88: =F88&G88 -> 必須
A89: =ROW()-8 -> 81 | C89: 支援情報 | D89: 対象者検索 | E89: 支援に該当する児童生徒の検索を行う。 | F89: 必須 | J89: =F89&G89 -> 必須
A90: =ROW()-8 -> 82 | D90: 新規登録（生活保護） | E90: 児童生徒の生活保護の適用期間について新規登録を行う。 | F90: 必須 | J90: =F90&G90 -> 必須
A91: =ROW()-8 -> 83 | D91: 照会、編集（生活保護） | E91: 児童生徒の生活保護の適用期間について照会、編集を行う。 | F91: 必須 | J91: =F91&G91 -> 必須
A92: =ROW()-8 -> 84 | D92: 削除（生活保護） | E92: 児童生徒の生活保護の適用情報について削除を行う。 | F92: 必須 | J92: =F92&G92 -> 必須
A93: =ROW()-8 -> 85 | D93: 新規登録（就学援助） | E93: 児童生徒の就学援助の適用期間について新規登録を行う。 | F93: 必須 | J93: =F93&G93 -> 必須
A94: =ROW()-8 -> 86 | D94: 照会、編集（就学援助） | E94: 児童生徒の就学援助の適用期間について照会、編集を行う。 | F94: 必須 | J94: =F94&G94 -> 必須
A95: =ROW()-8 -> 87 | D95: 削除（就学援助） | E95: 児童生徒の就学援助の適用情報について削除を行う。 | F95: 必須 | J95: =F95&G95 -> 必須
A96: =ROW()-8 -> 88 | D96: 新規登録（就学奨励） | E96: 児童生徒の就学奨励の適用期間について新規登録を行う。 | F96: 必須 | J96: =F96&G96 -> 必須
A97: =ROW()-8 -> 89 | D97: 照会、編集（就学奨励） | E97: 児童生徒の就学奨励の適用期間について照会、編集を行う。 | F97: 必須 | J97: =F97&G97 -> 必須
A98: =ROW()-8 -> 90 | D98: 削除（就学奨励） | E98: 児童生徒の就学奨励の適用情報について削除を行う。 | F98: 必須 | J98: =F98&G98 -> 必須
A99: =ROW()-8 -> 91 | D99: 新規登録（その他特例） | E99: 児童生徒のその他特例の適用期間について新規登録を行う。 | F99: 必須 | J99: =F99&G99 -> 必須
A100: =ROW()-8 -> 92 | D100: 照会、編集（その他特例） | E100: 児童生徒のその他特例の適用期間について照会、編集を行う。 | F100: 必須 | J100: =F100&G100 -> 必須
...

Sheet 帳票一覧
A1: （様式7-2）機能要件書（帳票・ファイル一覧表）
B2: 「対応状況」欄に該当する記号を記入してください。
B3: ◎：標準機能で対応
B4: 〇：代替処理で対応（備考欄に実現方法を記入）
B5: △：オプション、カスタマイズで対応可。追加費用が発生する。
B6: ×：対応不可
B7: ※カスタマイズ、代替要件等に係る費用は、原則提案価格に含んでいること。別途費用が発生する場合は、カスタマイズ費用欄に千円単位で記入すること。
A8: No. | B8: 帳票名 | C8: 形式 | E8: 機能内容 | F8: 時期 | G8: 重要度 | H8: 対応状況 | I8: カスタマイズ費用 | J8: 備考
C9: 紙 | D9: データ | K9: 集計用
A10: =ROW()-9 -> 1 | B10: 対象者一覧 | D10: ○ | E10: 児童生徒、教職員、臨時喫食者の氏名、生年月日等の情報一覧。 | F10: 随時 | G10: 必須 | K10: =G10&H10 -> 必須
A11: =ROW()-9 -> 2 | B11: 徴収予定一覧 | D11: ○ | E11: 市または該当学校の今回請求分の個人毎の全科目徴収予定金額情報。 | F11: 請求時 | G11: 必須 | K11: =G11&H11 -> 必須
A12: =ROW()-9 -> 3 | B12: 学校給食費納入額決定通知書 | C12: ○ | E12: 年度当初に、1年間の学校給食費の徴収予定を通知する通知書。 | F12: 年度当初 | G12: 必須 | K12: =G12&H12 -> 必須
A13: =ROW()-9 -> 4 | B13: 学校給食費納入額変更通知書 | C13: ○ | E13: 年度途中で納付予定額に変更があった場合の通知書。 | F13: 請求時 | G13: 必須 | K13: =G13&H13 -> 必須
A14: =ROW()-9 -> 5 | B14: 学校給食費納入額精算通知書 | C14: ○ | E14: 年度末精算または市外転出精算による対象者の年間納入額精算通知書。 | F14: 年度末 随時 | G14: 推奨 | K14: =G14&H14 -> 推奨
A15: =ROW()-9 -> 6 | B15: 納入額決定通知書（納付書） | C15: ○ | E15: 対象者の該当期別分の納入額決定通知書（納付書） 分割等も指定し発行することが可能。 | F15: 請求時 随時 | G15: 必須 | K15: =G15&H15 -> 必須
A16: =ROW()-9 -> 7 | B16: 銀行別口座振替/振込明細表 | D16: 〇 | E16: 金融機関別の口座振替/振込金額の集計表。 | F16: 請求時 入金取込後 | G16: 必須 | K16: =G16&H16 -> 必須
A17: =ROW()-9 -> 8 | B17: 口座振替データ結果確認表 | D17: ○ | E17: 1ファイルにおける請求額とその引き落とし結果の確認用一覧表。 | F17: 請求時 入金取込後 | G17: 必須 | K17: =G17&H17 -> 必須
A18: =ROW()-9 -> 9 | B18: 口座振替対象者一覧 | D18: ○ | E18: 口座振替を実施する対象者の一覧。 | F18: 請求時 | G18: 必須 | K18: =G18&H18 -> 必須
A19: =ROW()-9 -> 10 | B19: 口座振替不能者一覧及び口座振替不能通知書 | C19: ○ | D19: ○ | E19: 口座振替対象者のうち、振替不能になった対象者の一覧及び口座振替不能通知書。 | F19: 入金取込後 | G19: 必須 | K19: =G19&H19 -> 必須
A20: =ROW()-9 -> 11 | B20: 支援対象者抽出データ | D20: ○ | E20: 支援（生活保護、就学援助、就学奨励）の対象者につ いて、請求期毎の請求額を抽出したデータ。 | F20: 随時 | G20: 必須 | K20: =G20&H20 -> 必須
A21: =ROW()-9 -> 12 | B21: 児童手当消込対象者抽出データ | D21: ○ | E21: 児童手当の対象者について、請求期毎の請求額を抽出したデータ。 | F21: 随時 | G21: 必須 | K21: =G21&H21 -> 必須
A22: =ROW()-9 -> 13 | B22: 過誤納対象者一覧 | D22: ○ | E22: 出力時点の過誤納対象者の一覧。 | F22: 随時 | G22: 必須 | K22: =G22&H22 -> 必須
A23: =ROW()-9 -> 14 | B23: 返金対象者一覧 | D23: ○ | E23: 還付（返金）処理実行予定者および返金方法決定用一覧。 | F23: 随時 | G23: 必須 | K23: =G23&H23 -> 必須
A24: =ROW()-9 -> 15 | B24: 学校給食費還付（充当）通知書 | C24: ○ | E24: 口座還付/充当対象者への金額振込結果通知書。 | F24: 随時 | G24: 必須 | K24: =G24&H24 -> 必須
A25: =ROW()-9 -> 16 | B25: 学校給食費還付請求書 | C25: ○ | E25: 還付金を振り込むための口座記入用紙。 還付口座が登録されていない場合に作成。 | F25: 随時 | G25: 必須 | K25: =G25&H25 -> 必須
A26: =ROW()-9 -> 17 | B26: 充当者一覧 | C26: ○ | D26: ○ | E26: 充当処理を実施した対象者の一覧。 | F26: 随時 | G26: 必須 | K26: =G26&H26 -> 必須
A27: =ROW()-9 -> 18 | B27: 未納者一覧 | C27: ○ | D27: ○ | E27: 出力時点の未納対象者の一覧。 | F27: 随時 | G27: 必須 | K27: =G27&H27 -> 必須
A28: =ROW()-9 -> 19 | B28: 未納管理台帳 | D28: ○ | E28: 未納対象者の現年度納付状況を記載した内部確認用資料。 | F28: 随時 | G28: 必須 | K28: =G28&H28 -> 必須
A29: =ROW()-9 -> 20 | B29: 学校給食費督促状 | C29: ○ | E29: 納期限到来時に未納である債務者に送付する通知書。 | F29: 督促処理後 | G29: 必須 | K29: =G29&H29 -> 必須
A30: =ROW()-9 -> 21 | B30: 督促状発送一覧 | C30: ○ | D30: ○ | E30: 督促状を作成した対象者の一覧。 | F30: 督促処理後 | G30: 必須 | K30: =G30&H30 -> 必須
A31: =ROW()-9 -> 22 | B31: 債務者一覧表 | D31: ○ | E31: 発行時点でシステムに登録されている対象者の情報。 | F31: 随時 | G31: 必須 | K31: =G31&H31 -> 必須
A32: =ROW()-9 -> 23 | B32: 催告書 | C32: ○ | E32: 督促状の指定納期限到来後も未納である債務者に送付する通知書。 | F32: 随時 | G32: 必須 | K32: =G32&H32 -> 必須
A33: =ROW()-9 -> 24 | B33: 催告書発送一覧 | C33: ○ | D33: ○ | E33: 催告書を作成した対象者の一覧。 | F33: 随時 | G33: 必須 | K33: =G33&H33 -> 必須
A34: =ROW()-9 -> 25 | B34: 分納誓約書 | C34: ○ | E34: 未納債権の分割納付書を作成した際に作成する誓約書。 | F34: 随時 | G34: 推奨 | K34: =G34&H34 -> 推奨
A35: =ROW()-9 -> 26 | B35: 不納欠損集計表 | D35: ○ | E35: 不納欠損登録した結果一覧。 | F35: 不納欠損 登録後 | G35: 必須 | K35: =G35&H35 -> 必須
A36: =ROW()-9 -> 27 | B36: 不納欠損処分調書 | D36: ○ | E36: 不納欠損登録した債権情報。 | F36: 随時 | G36: 必須 | K36: =G36&H36 -> 必須
A37: =ROW()-9 -> 28 | B37: 時効期間満了予定未納金一覧表 | D37: ○ | E37: 時効期間の満了予定日が近い未納金の一覧。 | F37: 随時 | G37: 必須 | K37: =G37&H37 -> 必須
A38: =ROW()-9 -> 29 | B38: 時効期間満了未納金一覧表 | D38: ○ | E38: 時効期間が満了した未納金の一覧。 | F38: 随時 | G38: 必須 | K38: =G38&H38 -> 必須
A39: =ROW()-9 -> 30 | B39: 月計表 | D39: ○ | E39: 月次の請求・入金等の決算書。 | F39: 月次 | G39: 必須 | K39: =G39&H39 -> 必須
A40: =ROW()-9 -> 31 | B40: 年間集計表 | D40: ○ | E40: 年次の請求・入金等の決算書。 | F40: 年次 | G40: 必須 | K40: =G40&H40 -> 必須
A41: =ROW()-9 -> 32 | B41: 食物アレルギー対象者一覧 | D41: ○ | E41: 食物アレルギーのある対象者一覧。 | F41: 随時 | G41: 必須 | K41: =G41&H41 -> 必須
A42: =ROW()-9 -> 33 | B42: 年間給食実施計画表 | C42: ○ | D42: ○ | E42: 年単位・月単位で学校・学年・クラス毎の行事予定。 年間/月間の給食実施予定回数を記載。 | F42: 随時 | G42: 推奨 | K42: =G42&H42 -> 推奨
A43: =ROW()-9 -> 34 | B43: 喫食状況表 | D43: ○ | E43: クラス単位の児童生徒予定喫食内容表。 | F43: 随時 | G43: 必須 | K43: =G43&H43 -> 必須
A44: =ROW()-9 -> 35 | B44: 学校給食実施予定表 | C44: ○ | D44: ○ | E44: 学校・学年・クラス単位の予定食数集計表。 カレンダー方式の給食喫食数 | F44: 随時 | G44: 必須 | K44: =G44&H44 -> 必須
A45: =ROW()-9 -> 36 | B45: 学校給食実施予定表（牛乳、パン） | C45: ○ | D45: ○ | E45: カレンダー方式で学校毎に作成。（牛乳、パン発注のため） | F45: 随時 | G45: 推奨 | K45: =G45&H45 -> 推奨

Sheet 外部データ一覧
A1: （様式7-3）機能要件書（外部データ一覧）
B2: 「対応状況」欄に該当する記号を記入してください。
B3: ◎：標準機能で対応
B4: 〇：代替処理で対応（備考欄に実現方法を記入）
B5: △：オプション、カスタマイズで対応可。追加費用が発生する。
B6: ×：対応不可
B7: ※カスタマイズ、代替要件等に係る費用は、原則提案価格に含んでいること。別途費用が発生する場合は、カスタマイズ費用欄に千円単位で記入すること。
A8: No. | B8: 外部データ名称 | C8: 連携 | D8: 連携先 | E8: 連携目的 | F8: 連携頻度 | G8: 重要度 | H8: 対応状況 | I8: カスタマイズ費用 | J8: 備考 | K8: 集計用
A9: =ROW()-8 -> 1 | B9: 児童生徒、保護者基本情報 | C9: 受信 | D9: 住民情報システム 学齢簿システム | E9: 学校給食費管理システムの稼働に必要な児童生徒、保護者情報、学校情報等の情報を取り込むため。 | F9: 随時 | G9: 必須 | K9: =G9&H9 -> 必須
A10: =ROW()-8 -> 2 | B10: 就学援助情報 | C10: 受信 | D10: 学齢簿システム | E10: 学校給食費管理システム稼働に必要な就学援助情報を取り込むため。 | F10: 月次 | G10: 必須 | K10: =G10&H10 -> 必須
A11: =ROW()-8 -> 3 | B11: 児童手当情報 | C11: 受信 | D11: 児童手当システム | E11: 児童手当受給情報から、給食費の未納額へ充当処理を行うため。 | F11: 月次 | G11: 必須 | K11: =G11&H11 -> 必須
A12: =ROW()-8 -> 4 | B12: 生活保護受給情報 | C12: 受信 | D12: 生活保護システム | E12: 生活保護受給情報から、給食費の未納額へ充当処理を行うため。 | F12: 月次 | G12: 必須 | K12: =G12&H12 -> 必須
A13: =ROW()-8 -> 5 | B13: 口座振替予定情報 | C13: 送信 | D13: 各金融機関 | E13: 学校給食費納入義務者の振替予定情報を金融機関へ提供するため。 | F13: 随時 | G13: 必須 | K13: =G13&H13 -> 必須
A14: =ROW()-8 -> 6 | B14: 口座振替結果情報 | C14: 受信 | D14: 各金融機関 | E14: 学校給食費納入義務者の振替結果情報の取込を行うため。 | F14: 随時 | G14: 必須 | K14: =G14&H14 -> 必須
A15: =ROW()-8 -> 7 | B15: 送金依頼データ情報 | C15: 送信 | D15: 学校給食費管理システム | E15: 学校給食費納入義務者への振込依頼情報を金融機関へ提供するため。 | F15: 随時 | G15: 必須 | K15: =G15&H15 -> 必須

Sheet 集計結果
A1: （別紙1）機能要件書（機能一覧）
C2: 必須 | D2: 推奨 | E2: 合計
B3: ◎ | C3: =COUNTIF(機能一覧!$J:$J,C$2&$B3) -> 0 | D3: =COUNTIF(機能一覧!$J:$J,D$2&$B3) -> 0 | E3: =SUM(C3:D3) -> 0
B4: 〇 | C4: =COUNTIF(機能一覧!$J:$J,C$2&$B4) -> 0 | D4: =COUNTIF(機能一覧!$J:$J,D$2&$B4) -> 0 | E4: =SUM(C4:D4) -> 0
B5: △ | C5: =COUNTIF(機能一覧!$J:$J,C$2&$B5) -> 0 | D5: =COUNTIF(機能一覧!$J:$J,D$2&$B5) -> 0 | E5: =SUM(C5:D5) -> 0
B6: × | C6: =COUNTIF(機能一覧!$J:$J,C$2&$B6) -> 0 | D6: =COUNTIF(機能一覧!$J:$J,D$2&$B6) -> 0 | E6: =SUM(C6:D6) -> 0
B7: 未設定 | C7: =COUNTIF(機能一覧!$J:$J,C$2) -> 189 | D7: =COUNTIF(機能一覧!$J:$J,D$2) -> 36 | E7: =SUM(C7:D7) -> 225
B8: 合計 | C8: =SUM(C3:C7) -> 189 | D8: =SUM(D3:D7) -> 36 | E8: =SUM(E3:E7) -> 225
B9: 適合率 | C9: =SUM(C3:C4)/C8 -> 0 | D9: =SUM(D3:D4)/D8 -> 0 | E9: =SUM(E3:E4)/E8 -> 0
A12: （別紙2）機能要件書（帳票・ファイル一覧表）
C13: 必須 | D13: 推奨 | E13: 合計
B14: ◎ | C14: =COUNTIF(帳票一覧!$K:$K,C$13&$B14) -> 0 | D14: =COUNTIF(帳票一覧!$K:$K,D$13&$B14) -> 0 | E14: =SUM(C14:D14) -> 0
B15: 〇 | C15: =COUNTIF(帳票一覧!$K:$K,C$13&$B15) -> 0 | D15: =COUNTIF(帳票一覧!$K:$K,D$13&$B15) -> 0 | E15: =SUM(C15:D15) -> 0
B16: △ | C16: =COUNTIF(帳票一覧!$K:$K,C$13&$B16) -> 0 | D16: =COUNTIF(帳票一覧!$K:$K,D$13&$B16) -> 0 | E16: =SUM(C16:D16) -> 0
B17: × | C17: =COUNTIF(帳票一覧!$K:$K,C$13&$B17) -> 0 | D17: =COUNTIF(帳票一覧!$K:$K,D$13&$B17) -> 0 | E17: =SUM(C17:D17) -> 0
B18: 未設定 | C18: =COUNTIF(帳票一覧!$K:$K,C$13) -> 32 | D18: =COUNTIF(帳票一覧!$K:$K,D$13) -> 4 | E18: =SUM(C18:D18) -> 36
B19: 合計 | C19: =SUM(C14:C18) -> 32 | D19: =SUM(D14:D18) -> 4 | E19: =SUM(E14:E18) -> 36
B20: 適合率 | C20: =SUM(C14:C15)/C19 -> 0 | D20: =SUM(D14:D15)/D19 -> 0 | E20: =SUM(E14:E15)/E19 -> 0
A23: （別紙3）機能要件書（外部データ一覧）
C24: 必須 | D24: 推奨 | E24: 合計
B25: ◎ | C25: =COUNTIF(外部データ一覧!$K:$K,C$24&$B25) -> 0 | D25: =COUNTIF(外部データ一覧!$K:$K,D$24&$B25) -> 0 | E25: =SUM(C25:D25) -> 0
B26: 〇 | C26: =COUNTIF(外部データ一覧!$K:$K,C$24&$B26) -> 0 | D26: =COUNTIF(外部データ一覧!$K:$K,D$24&$B26) -> 0 | E26: =SUM(C26:D26) -> 0
B27: △ | C27: =COUNTIF(外部データ一覧!$K:$K,C$24&$B27) -> 0 | D27: =COUNTIF(外部データ一覧!$K:$K,D$24&$B27) -> 0 | E27: =SUM(C27:D27) -> 0
B28: × | C28: =COUNTIF(外部データ一覧!$K:$K,C$24&$B28) -> 0 | D28: =COUNTIF(外部データ一覧!$K:$K,D$24&$B28) -> 0 | E28: =SUM(C28:D28) -> 0
B29: 未設定 | C29: =COUNTIF(外部データ一覧!$K:$K,C$24) -> 7 | D29: =COUNTIF(外部データ一覧!$K:$K,D$24) -> 0 | E29: =SUM(C29:D29) -> 7
B30: 合計 | C30: =SUM(C25:C29) -> 7 | D30: =SUM(D25:D29) -> 0 | E30: =SUM(E25:E29) -> 7
B31: 適合率 | C31: =SUM(C25:C26)/C30 -> 0 | D31: =SUM(D25:D26)/D30 -> #DIV/0! | E31: =SUM(E25:E26)/E30 -> 0
